Map: Automaton LE

Players

INnoVation

  • Race: Terran Terran
  • Spawn Location: 9:00

Rogue - Winner!

  • Race: Zerg Zerg
  • Spawn Location: 3:00

Event: IEM Season 13: Katowice (2019)

VOD

Have the link to the VOD?

Description

Time

  • Played on: March 1, 2019, 7:11 a.m.
  • Length: 5:17

All games in this series

Show
View Real Time Build Order
Export as new Build Order

INnoVation Terran 

Build Orders: Gas First Reaper Expand, Hellion Banshee 

Get SALT Encoding   

  12  0:00  SCV  
  13  0:12  SCV  
  14  0:18  Supply Depot  
  14  0:24  SCV  
  15  0:29  Refinery  
  15  0:39  SCV  
  16  0:45  Barracks  
  16  0:51  SCV  
  17  1:03  SCV  
  18  1:16  SCV  
  19  1:32  Reaper, Orbital Command  
  20  1:46  Command Center  
  20  1:58  SCV  
  21  2:02  Factory  
  21  2:06  Barracks Reactor  
  21  2:10  SCV  
  21  2:14  Supply Depot  
  22  2:20  Refinery  
  22  2:22  SCV  
  23  2:36  SCV  
  24  2:47  Starport  
  24  2:48  SCV  
  29  2:51  Hellion x2  
  29  2:53  Marine  
  30  3:01  Orbital Command  
  30  3:03  SCV  
  31  3:11  Marine  
  32  3:15  SCV  
  33  3:23  Starport Tech Lab  
  33  3:24  Hellion x2  
  37  3:28  SCV x2  
  39  3:35  Supply Depot  
  39  3:40  SCV x2, Cloaking Field  
  41  3:45  Banshee  
  44  3:53  SCV x2  
  46  3:58  Hellion  
  46  3:59  Hellion  
  50  4:03  Supply Depot  
  50  4:05  SCV x2  
  50  4:09  Barracks Tech Lab  
  52  4:17  SCV  
  52  4:18  SCV  
  54  4:25  Command Center  
  54  4:29  Supply Depot  
  54  4:30  Banshee  
  57  4:33  SCV x2  
  57  4:36  Factory Reactor  
  59  4:46  SCV x2  
  59  4:47  Marine  
  62  4:55  Barracks  
  62  4:58  Factory Tech Lab, SCV x2  
Show
View Real Time Build Order
Export as new Build Order

Rogue Zerg - Winner!

Build Orders: Hatch First 

Get SALT Encoding   

  12  0:00  Drone  
  13  0:13  Overlord  
  13  0:18  Drone  
  14  0:31  Drone x2  
  16  0:51  Hatchery  
  16  0:53  Drone  
  16  0:57  Drone  
  16  1:00  Drone  
  18  1:11  Extractor  
  18  1:16  Spawning Pool  
  16  1:19  Drone  
  16  1:22  Drone  
  18  1:30  Drone  
  19  1:40  Overlord  
  19  1:50  Drone  
  20  2:02  Queen  
  20  2:03  Queen, Zergling x4  
  26  2:13  Metabolic Boost  
  26  2:15  Drone  
  27  2:16  Drone  
  28  2:24  Drone x2  
  30  2:34  Drone  
  30  2:35  Drone  
  32  2:43  Queen  
  34  2:54  Overlord  
  34  3:00  Lair  
  34  3:03  Drone x2  
  36  3:11  Hatchery  
  35  3:16  Zergling x2  
  35  3:17  Zergling x2  
  37  3:22  Queen  
  37  3:26  Drone x2  
  41  3:30  Overlord  
  41  3:33  Drone  
  42  3:37  Drone x2  
  44  3:46  Overlord  
  44  3:54  Zergling x8  
  48  4:00  Nydus Network  
  48  4:02  Queen  
  49  4:07  Zergling x4  
  49  4:08  Zergling x2  
  52  4:10  Zergling x2  
  52  4:15  Zergling x4  
  55  4:19  Overlord  
  55  4:23  Zergling x4  
  56  4:25  Overlord  
  56  4:31  Zergling x2  
  56  4:33  Overlord, Zergling x8  
  60  4:44  Nydus Canal  
  58  4:48  Zergling x4  
  58  4:52  Zergling x2  
  60  4:53  Zergling x6  
  60  4:54  Overseer  
  60  4:57  Zergling x4  

Tags
 
Add a new tag
Caveats
  • Supply blocks, unpowered buildings, or Contaminate may cause inaccurate times.
  • Supply counts are checked every 10 seconds.